 Dungeon Crawl Stone Soup version 0.23-a0-143-g1adec7b (webtiles) character file.

552 Amnesiac the Chiller (level 7, -18/46 HPs)
             Began as a Mummy Ice Elementalist on Sept 5, 2018.
             Demolished by an ogre
             ... wielding a +0 giant club
              (24 damage)
             ... on level 5 of the Dungeon.
             The game lasted 00:05:26 (2978 turns).

Amnesiac the Chiller (Mummy Ice Elementalist)       Turns: 2978, Time: 00:05:27

Health: -18/46     AC:  3    Str: 11    XL:     7   Next: 8%
Magic:  0/13       EV: 12    Int: 17    God:
Gold:   153        SH:  0    Dex: 12    Spells: 6/14 levels left

rFire    x . .     SeeInvis .   i - +0 trident
rCold    + . .     Gourm    .   (no shield)
rNeg     + + +     Faith    .   a - +0 robe
rPois    ∞         Spirit   .   (no helmet)
rElec    .         Reflect  .   (no cloak)
rCorr    .         Harm     .   l - +0 pair of gloves
MR       .....                  (no boots)
Stlth    +++.......             (no amulet)
HPRegen  0.15/turn              m - ring of stealth
MPRegen  0.13/turn              (no ring)

@: very slightly contaminated
A: no food or potions, fire vulnerability, cold resistance 1, negative energy
resistance 3, torment resistance, unbreathing
a: no special abilities


You were on level 5 of the Dungeon.
You were not hungry.

You visited 1 branch of the dungeon, and saw 6 of its levels.
You also visited: Sewer.

You collected 153 gold pieces.

Inventory:

Hand Weapons
 c - a +0 short sword
 i - a +0 trident (weapon)
Missiles
 h - 11 sling bullets
Armour
 a - a +0 robe (worn)
 l - a +0 pair of gloves (worn)
Jewellery
 m - a ring of stealth (left hand)
Wands
 e - a wand of paralysis (11)
 g - a wand of disintegration (12)
Scrolls
 b - a scroll of remove curse {!r}
 d - a scroll of amnesia {!r, unknown}
 f - a scroll of magic mapping {!r, unknown}
 j - a scroll of identify {!r, unknown}
 k - 2 scrolls of teleportation {!r, unknown}


   Skills:
 - Level 1.5 Dodging
 - Level 1.5 Stealth
 + Level 4.3 Spellcasting
 * Level 4.3 Conjurations
 * Level 4.4 Ice Magic


You had 6 spell levels left.
You knew the following spells:

 Your Spells              Type           Power        Failure   Level  Hunger
a - Freeze                Ice            ###.         2%          1    N/A
d - Throw Icicle          Conj/Ice       ###.....     26%         4    N/A
z - Ozocubu's Armour      Chrm/Ice       ##......     19%         3    N/A

Your spell library contained the following spells:

 Spells                   Type           Power        Failure   Level  Hunger
 Throw Frost              Conj/Ice       ###...       3%          2    N/A
 Summon Ice Beast         Ice/Summ       ##......     52%         4    N/A

Dungeon Overview and Level Annotations

Branches:
Dungeon (6/15)
 Temple: D:4-7

Altars:
Ashenzari
Nemelex Xobeh
Qazlal

Annotations:
D:2 Terence
D:5 2 runed doors, Eustachio


Innate Abilities, Weirdness & Mutations

You do not eat or drink.
Your flesh is vulnerable to fire.
You are immune to poison.
Your flesh is cold resistant. (rC+)
You are immune to negative energy. (rN+++)
You are immune to unholy pain and torment.
You can survive without breathing.


Message History

Press: ? - help, Shift-Dir - straight line, f - ogre
Aim: an ogre, wielding a giant club You miscast Throw Icicle.
You are very lightly contaminated with residual magic.
Wisps of smoke drift from your hands.
You hear a shout! x3; You hear an angry hiss.
Unknown command.
Casting: Throw Icicle (quite dangerous; 26% risk of failure)
Confirm with . or Enter, or press ? or * to list all spells.
Aiming: Throw Icicle (quite dangerous; 26% risk of failure)
Press: ? - help, Shift-Dir - straight line, f/p - ogre
Aim: an ogre, wielding a giant club The shard of ice hits the ogre.
The ogre is moderately wounded.
Unknown command.
Casting: Throw Icicle (quite dangerous; 26% risk of failure)
Confirm with . or Enter, or press ? or * to list all spells.
Aiming: Freeze (safe; 2% risk of failure)
Press: ? - help, Shift-Dir - straight line, f/p - ogre
Aim: an ogre, wielding a giant club (moderately wounded)
You freeze the ogre.
The ogre is heavily wounded.
The ogre barely misses you.
Unknown command.
Casting: Freeze (safe; 2% risk of failure)
Confirm with . or Enter, or press ? or * to list all spells.
Aiming: Freeze (safe; 2% risk of failure)
Press: ? - help, Shift-Dir - straight line, f/p - ogre
Aim: an ogre, wielding a giant club (heavily wounded)
You freeze the ogre.
The ogre is severely wounded.
The ogre hits you with a giant club!!
Ouch! That really hurt!
* * * LOW HITPOINT WARNING * * *
Unknown command.
Casting: Freeze (safe; 2% risk of failure)
Confirm with . or Enter, or press ? or * to list all spells.
Aiming: Freeze (safe; 2% risk of failure)
Press: ? - help, Shift-Dir - straight line, f/p - ogre
Aim: an ogre, wielding a giant club (severely wounded)
You freeze the ogre.
The ogre is severely wounded.
Eustachio mumbles some strange words.
The ogre hits you with a giant club!
* * * LOW HITPOINT WARNING * * *
Unknown command.
Casting: Freeze (safe; 2% risk of failure)
Confirm with . or Enter, or press ? or * to list all spells.
Aiming: Freeze (safe; 2% risk of failure)
Press: ? - help, Shift-Dir - straight line, f/p - ogre
Aim: an ogre, wielding a giant club (severely wounded)
You freeze the ogre.
The ogre is severely wounded.
Unknown command.
Casting: Freeze (safe; 2% risk of failure)
Confirm with . or Enter, or press ? or * to list all spells.
Aiming: Freeze (safe; 2% risk of failure)
Press: ? - help, Shift-Dir - straight line, f/p - ogre
Aim: an ogre, wielding a giant club (severely wounded)
You freeze the ogre.
The ogre is severely wounded.
The ogre hits you with a giant club!!
Ouch! That really hurt!
You die...

########################
...rr@O@)............)>#
####r#########......##†#
................#
#...##.........## .@
+..........#
#........†.#
#......)...#
#..........#
#..........#


You could see Eustachio, an ogre and 3 river rats.

Vanquished Creatures
  Purgy (Sewer)
  A scorpion (D:4)
  A howler monkey (D:4)
  A crimson imp (D:5)
  An orc priest (D:3)
  2 hounds (D:4)
  An orc wizard (D:3)
  2 iguanas
  2 worker ants
  A hound skeleton (D:4)
  6 adders
  An ooze (D:3)
  An adder skeleton (D:4)
  A worm (D:4)
  A dart slug (D:4)
  A leopard gecko (D:5)
  5 orcs
  8 bats
  4 giant cockroaches
  A hobgoblin (D:1)
  3 quokkas
  A ball python (D:5)
  A frilled lizard (D:4)
  2 goblins
  2 kobolds
  2 quokka skeletons (D:4)
  2 rats
55 creatures vanquished.

Notes
Turn   | Place    | Note
-------+----------+-------------------------------------------
     0 | D:1      | Amnesiac the Mummy Ice Elementalist began the quest for the
                  | Orb.
     0 | D:1      | Reached XP level 1. HP: 13/13 MP: 4/4
   172 | D:2      | Noticed Terence
   579 | D:3      | Reached XP level 2. HP: 19/19 MP: 1/5
   621 | D:3      | Reached XP level 3. HP: 16/24 MP: 0/7
   699 | D:3      | Learned a level 3 spell: Ozocubu's Armour
   709 | D:3      | Reached XP level 4. HP: 27/30 MP: 3/9
   782 | D:3      | Learned a level 4 spell: Throw Icicle
   878 | D:3      | Reached skill level 1 in Conjurations
   922 | D:3      | Found a stormy altar of Qazlal.
   958 | D:4      | Found a glowing drain.
  1096 | D:3      | Noticed a phantom
  1122 | D:4      | Reached XP level 5. HP: 29/35 MP: 6/10
  1275 | D:4      | Reached XP level 6. HP: 13/41 MP: 2/11
  1590 | Sewer    | Entered a sewer
  1734 | Sewer    | Noticed Purgy
  1751 | Sewer    | Killed Purgy
  1859 | D:4      | Found a shattered altar of Ashenzari.
  1869 | D:4      | Found a sparkling altar of Nemelex Xobeh.
  1971 | D:5      | Entered Level 5 of the Dungeon
  1978 | D:5      | Found a runed gate.
  1979 | D:5      | Found a runed gate.
  2434 | D:4      | Reached XP level 7. HP: 33/46 MP: 8/13
  2931 | D:5      | Noticed Eustachio
  2978 | D:5      | Demolished by an ogre

Vault maps used:
D:1:      lightli_arrival_noodles
D:2:      uniq_crazy_yiuf_cottage, uniq_terence, uniq_sigmund
D:3:      demons_altar, marbit_many_paths, nicolae_qazlal_general_emergency
D:4:      nicolae_overflow_hidden_temple, gup_sewer_entry_glass, minivault_1
D:5:      first_ration, gammafunk_ghost_icy, uniq_eustachio
D:6:      cheibrodos_two_vegetables, lemuel_crystal_altar,
          minmay_misc_feat_columns
Sewer:    sewer_big_baddie

Skill      XL: |  1  2  3  4  5  6 |
---------------+-------------------+-----
Spellcasting   | 3 4 |  4.3
Ice Magic      | 3 4 |  4.4
Conjurations   | 2 3 4 |  4.3
Dodging        | |  1.5
Stealth        | |  1.5

Action                   |  1- 3 |  4- 6 |  7- 9 || total
-------------------------+-------+-------+-------++-------
Melee: Short sword       |     2 |    29 |    20 ||    51
       Unarmed           |     1 |       |       ||     1
       Trident           |       |       |     2 ||     2
 Cast: Freeze            |    19 |    83 |    18 ||   120
       Ozocubu's Armour  |       |     2 |     1 ||     3
       Throw Icicle      |       |       |     1 ||     1
Evoke: Wand              |       |     5 |       ||     5
  Use: Scroll            |       |       |     1 ||     1
 Stab: Sleeping          |     1 |     1 |       ||     2
       Paralysed         |       |    11 |       ||    11
Armor: Robe              |     2 |    16 |    11 ||    29
Dodge: Dodged            |    14 |    63 |    32 ||   109

Table legend:
 A = Non-vault XP
 B = Vault XP
 C = Vault XP percentage of total XP
 D = Non-vault monster count
 E = Vault monster count
 F = Vault count percentage of total count
                 A         B        C        D         E       F
            +---------+---------+-------+---------+---------+-------
      Total |     602 |     187 |  23.7 |      43 |      12 |  21.8
            +---------+---------+-------+---------+---------+-------
        D:1 |       6 |       0 |   0.0 |       4 |       0 |   0.0
        D:2 |       2 |       0 |   0.0 |       2 |       0 |   0.0
        D:3 |     157 |       0 |   0.0 |      12 |       0 |   0.0
        D:4 |     314 |      46 |  12.8 |      15 |       6 |  28.6
        D:5 |     123 |       0 |   0.0 |      10 |       0 |   0.0
      Sewer |       0 |     141 | 100.0 |       0 |       6 | 100.0
            +---------+---------+-------+---------+---------+-------
